 Dungeon Crawl Stone Soup version 0.23.2-33-g5129a83184 (webtiles) character file.

Game seed: 8113018019758759607

3988 Pneumon the Spear-Bearer (level 10, -9/91 HPs)
             Began as a Minotaur Berserker on July 15, 2019.
             Was a High Priest of Trog.
             Mangled by a gnoll
             ... wielding a +1 halberd of electrocution
              (20 damage)
             ... in a bailey.
             The game lasted 00:25:09 (8762 turns).

Pneumon the Spear-Bearer (Minotaur Berserker)       Turns: 8762, Time: 00:25:10

Health: -9/91      AC: 12    Str: 24    XL:     10   Next: 3%
Magic:  9/9        EV:  8    Int:  4    God:    Trog [*****.]
Gold:   276        SH: 13    Dex: 11    Spells: 9/9 levels left

rFire    . . .     SeeInvis +   p - +0 trident
rCold    . . .     Gourm    .   t - +2 shield
rNeg     . . .     Faith    .   i - +0 chain mail
rPois    +         Spirit   .   (helmet restricted)
rElec    .         Reflect  .   q - +0 cloak
rCorr    .         Harm     .   (no gloves)
MR       .....                  (no boots)
Stlth    ..........             (no amulet)
HPRegen  0.25/turn              s - ring of see invisible
MPRegen  0.11/turn              n - ring of poison resistance

@: no status effects
A: retaliatory headbutt, horns 2
a: Berserk, Trog's Hand, Brothers in Arms, Renounce Religion


You were in a bailey.
You worshipped Trog.
Trog was extremely pleased with you.
You were not hungry.

You visited 1 branch of the dungeon, and saw 8 of its levels.
You also visited: Bailey.

You collected 522 gold pieces.
You spent 246 gold pieces at shops.

Inventory:

Hand Weapons
 p - a +0 trident (weapon)
 v - a +2 halberd of electrocution
 B - a +0 blowgun
Missiles
 e - 8 poisoned tomahawks (quivered)
 o - 65 tomahawks of returning
 x - 3 tomahawks
 A - a throwing net
Armour
 i - a +0 chain mail (worn)
 q - a +0 cloak (worn)
 t - a +2 shield (worn)
Jewellery
 a - an uncursed ring of resist corrosion
 l - an uncursed ring of fire
 n - a ring of poison resistance (right hand)
 s - a ring of see invisible (left hand)
Wands
 w - a wand of digging (1)
 y - a wand of polymorph (8)
Scrolls
 b - 3 scrolls of enchant weapon
 f - a scroll of fear
 g - 4 scrolls of teleportation
 z - 2 scrolls of remove curse
 E - a scroll of acquirement {unknown}
Potions
 d - 2 potions of lignification
 h - 6 potions of curing
 j - 2 potions of degeneration
 k - a potion of brilliance
 m - 3 potions of flight
 r - a potion of cancellation
 u - a potion of agility {unknown}
 C - 2 potions of mutation {unknown}
 D - a potion of berserk rage
 F - 3 potions of magic {unknown}
Comestibles
 c - 3 rations


   Skills:
 + Level 9.4 Fighting
 + Level 9.4 Polearms
 - Level 3.3 Throwing
 + Level 9.0 Armour
 - Level 2.1 Dodging
 + Level 7.3 Shields


You had 9 spell levels left.
You didn't know any spells.
Your spell library was empty.

Dungeon Overview and Level Annotations

Branches:
Dungeon (8/15)             Temple (0/1) D:7
   Lair: D:8-11

Altars:
Okawaru

Shops:
D:5 ?


Innate Abilities, Weirdness & Mutations

You reflexively headbutt those who attack you in melee.
You have a pair of horns on your head.


Message History

The orc warrior is almost dead.
You block the orc warrior's attack.
The gnoll hits you from afar with a +0 halberd of electrocution!
* * * LOW HITPOINT WARNING * * *
You hit the orc warrior.
The orc warrior is almost dead.
You puncture the orc warrior!
You kill the orc warrior!
Trog accepts your kill.
Your Armour skill increases to level 9!
The gnoll barely misses you.
You recover from your berserk rage.
Things that are here:
a hobgoblin corpse x2
There is an open door, spattered with blood here.
You see here a +0 halberd.
As you close the door, it creaks loudly!
A gnoll opens the door.
The gnoll hits you but does no damage.
You are electrocuted!!
You die...

## ### #####
### #'# #g#.#
#.###.# '##'
#o#
#'##'##'##
#...gg#
#...))##
#....g
###....)###
'..⌠.
#.'..⌠..'.#
....
###.....###
.g# ##)....#
#'###@##'##'#
#)gg###.# #.#
##### ### ##


You could see 2 gnolls.

Vanquished Creatures
  2 hippogriffs (D:7)
  A hungry ghost (D:7)
  4 orc warriors
  An ice beast (D:6)
  2 porcupines (D:8)
  2 phantoms
  A black bear (D:8)
  4 ogres
  5 centaurs
  2 big kobolds (D:6)
  4 bullfrogs
  A scorpion (D:7)
  4 killer bees (D:7)
  A crimson imp (D:5)
  3 hounds
  3 orc priests
  A centaur zombie (D:7)
  2 jellies
  A gnoll shaman (D:6)
  A bullfrog skeleton (D:4)
  10 orc wizards
  Jessica (D:3)
  8 worker ants
  5 adders
  18 gnolls
  2 shadow imps
  An ooze (D:1)
  2 adder skeletons
  A worm (D:3)
  3 dart slugs
  6 leopard geckos
  33 orcs
  6 bats
  4 giant cockroaches
  7 goblins
  23 hobgoblins
  6 jackals
  3 quokkas
  A ball python (D:1)
  3 frilled lizards
  19 kobolds
  6 rats
213 creatures vanquished.

Vanquished Creatures (others)
  4 toadstools (D:4)
4 creatures vanquished.

Grand Total: 217 creatures vanquished

Notes
Turn   | Place    | Note
-------+----------+-------------------------------------------
     0 | D:1      | Pneumon the Minotaur Berserker began the quest for the Orb.
     0 | D:1      | Reached XP level 1. HP: 19/19 MP: 0/0
   202 | D:1      | Reached XP level 2. HP: 27/27 MP: 1/1
   582 | D:1      | Reached skill level 1 in Throwing
   682 | D:1      | Reached ** piety under Trog
   902 | D:2      | Reached XP level 3. HP: 28/33 MP: 2/2
  1273 | D:2      | Found an iron altar of Okawaru.
  2027 | D:3      | Reached XP level 4. HP: 41/41 MP: 3/3
  2126 | D:3      | Found an iron altar of Okawaru.
  2409 | D:3      | Reached XP level 5. HP: 35/47 MP: 4/4
  2418 | D:3      | Noticed Jessica
  2422 | D:3      | Killed Jessica
  2615 | D:4      | Noticed an ogre
  2625 | D:4      | Killed an ogre
  2625 | D:4      | Reached skill level 5 in Fighting
  2625 | D:4      | Reached skill level 5 in Polearms
  2760 | D:4      | Reached XP level 6. HP: 50/56 MP: 5/5
  2765 | D:4      | Reached *** piety under Trog
  3432 | D:4      | Reached XP level 7. HP: 58/62 MP: 6/6
  3616 | D:5      | Entered Level 5 of the Dungeon
  3631 | D:5      | Reached skill level 5 in Armour
  3778 | D:5      | Reached skill level 1 in Shields
  4088 | D:5      | Found Zoiqoch's Magic Scroll Emporium.
  4096 | D:5      | Bought a scroll of enchant weapon for 97 gold pieces
  4096 | D:5      | Bought a scroll of identify for 26 gold pieces
  4096 | D:5      | Bought a scroll of identify for 26 gold pieces
  4096 | D:5      | Bought a scroll of enchant armour for 97 gold pieces
  5454 | D:6      | Reached **** piety under Trog
  5454 | D:6      | Reached XP level 8. HP: 27/71 MP: 7/7
  6453 | D:6      | Reached skill level 5 in Shields
  6470 | D:6      | Reached XP level 9. HP: 67/81 MP: 8/8
  7031 | D:7      | Found a staircase to the Ecumenical Temple.
  7704 | D:7      | Reached ***** piety under Trog
  8347 | D:8      | Found a flagged portal.
  8354 | Bailey   | Entered a bailey
  8672 | Bailey   | Reached XP level 10. HP: 50/91 MP: 9/9
  8762 | Bailey   | Mangled by a gnoll

Skill      XL: |  1  2  3  4  5  6  7  8  9 10 |
---------------+-------------------------------+-----
Throwing       | 1 2 3 |  3.3
Fighting       | 4 5 6 7 9 |  9.4
Polearms       | 4 5 6 7 9 |  9.4
Armour         | 3 4 6 7 8 9 |  9.0
Shields        | 3 5 7 |  7.3
Dodging        | |  2.1

Action                   |  1- 3 |  4- 6 |  7- 9 | 10-12 || total
-------------------------+-------+-------+-------+-------++-------
Melee: Spear             |    73 |    31 |       |       ||   104
       Headbutt          |    12 |    17 |    77 |     3 ||   109
       Trident           |       |   115 |   417 |    28 ||   560
Throw: Tomahawk          |    19 |     6 |    25 |       ||    50
Invok: Berserk           |       |     2 |     6 |     1 ||     9
  Use: Scroll            |     6 |     5 |    11 |       ||    22
       Potion            |       |       |     3 |     1 ||     4
  Eat: Ration            |     1 |     2 |     6 |       ||     9
       Chunk             |     1 |       |     6 |       ||     7
Armor: Chain mail        |    30 |    78 |   204 |     7 ||   319
       Animal skin       |     3 |       |       |       ||     3
Dodge: Dodged            |    37 |    47 |   121 |     8 ||   213
Block: Shield            |       |     6 |   347 |    19 ||   372
